NCAA
SOUTH CAROLINA GAMECOCKS @ PURDUE BOILERMAKERS
04/14/2028
 
TOP OF THE 1ST
South Carolina Gamecocks batting - Pitching for Purdue Boilermakers : RHP Kelsey Payne
Pitching: RHP Kelsey Payne
Batting: RHB Luis Mercado 0-0: SINGLE (Line Drive, 89M)
Batting: RHB José Maldonado 0-0: Ball
1-0: Ball
2-0: Foul Ball, location: 2F
2-1: Fielders Choice at 2nd, 1-6 (Groundball, 13S)
Batting: LHB Chandler Pitts 0-0: Swinging Strike
0-1: Ball
1-1: Ball
2-1: Called Strike
2-2: Foul Ball, location: 2F
2-2: Ball
3-2: 2-RUN HOME RUN (Flyball, 7D), Distance : 410 ft
Batting: RHB Rob DeWitt 0-0: Ball
1-0: Called Strike
1-1: Ground out 6-3 (Groundball, 56)
Batting: SHB Darrel Wise 0-0: Called Strike
0-1: Called Strike
0-2: Ball
1-2: Strikes out looking
Top of the 1st over - 2 run(s), 2 hit(s), 0 error(s), 0 left on base; South Carolina 2 - Purdue 0
BOTTOM OF THE 1ST
Purdue Boilermakers batting - Pitching for South Carolina Gamecocks : RHP Bryan Smith
Pitching: RHP Bryan Smith
Batting: LHB Joe Kent 0-0: Ball
1-0: Swinging Strike
1-1: Ground out 3-1 (Groundball, 34)
Batting: RHB Jorge Molina 0-0: Called Strike
0-1: Ball
1-1: Fly out, F9 (Flyball, 9S)
Batting: SHB Bryan Atkins 0-0: Foul Ball, location: 2F
0-1: Foul Ball, location: 2F
0-2: Ball
1-2: Fly out, F4 (Line Drive, 34)
Bottom of the 1st over - 0 run(s), 0 hit(s), 0 error(s), 0 left on base; South Carolina 2 - Purdue 0
TOP OF THE 2ND
South Carolina Gamecocks batting - Pitching for Purdue Boilermakers : RHP Kelsey Payne
Batting: LHB Gilberto Ortíz 0-0: Ball
1-0: Reached on error, E3 (Groundball, 3L)
Batting: RHB Edward Green 0-0: Ball
1-0: Ball
2-0: Ball
3-0: Called Strike
3-1: Foul Ball, location: 2F
3-2: Strikes out swinging
Batting: RHB Ryan Campbell 0-0: Fly out, F8 (Flyball, 8LM)
Batting: SHB Ron Sims 0-0: Ball
1-0: Called Strike
1-1: Ball
2-1: Ball
3-1: Called Strike
3-2: Foul Ball, location: 2F
3-2: Base on Balls
Gilberto Ortíz to second
Batting: RHB Luis Mercado 0-0: Ball
1-0: Ball
2-0: Foul Ball, location: 2F
2-1: Ball
3-1: Base on Balls
Gilberto Ortíz to third
Ron Sims to second
Batting: RHB José Maldonado 0-0: Fielders Choice at 2nd, 6-4 (Groundball, 6)
Top of the 2nd over - 0 run(s), 0 hit(s), 1 error(s), 2 left on base; South Carolina 2 - Purdue 0
BOTTOM OF THE 2ND
Purdue Boilermakers batting - Pitching for South Carolina Gamecocks : RHP Bryan Smith
Batting: LHB Harry Hamilton 0-0: Ball
1-0: Ball
2-0: Ball
3-0: Called Strike
3-1: SINGLE (Groundball, 6M) (infield hit)
Batting: RHB Enrique Benítez 0-0: Called Strike
0-1: Ball
1-1: Ball
2-1: Fly out, F7 (Flyball, 7LS)
Batting: RHB Bill Gilmore 0-0: Ball
1-0: Called Strike
1-1: Called Strike
1-2: Foul Ball, location: 2F
1-2: Grounds into double play, 5-4-3 (Groundball, 56)
Bottom of the 2nd over - 0 run(s), 1 hit(s), 0 error(s), 0 left on base; South Carolina 2 - Purdue 0
TOP OF THE 3RD
South Carolina Gamecocks batting - Pitching for Purdue Boilermakers : RHP Kelsey Payne
Batting: LHB Chandler Pitts 0-0: Swinging Strike
0-1: Ball
1-1: Ball
2-1: Called Strike
2-2: Ball
3-2: Base on Balls
Batting: RHB Rob DeWitt 0-0: Ball
1-0: Ball
2-0: Fly out, F9 (Flyball, 89M)
Batting: SHB Darrel Wise 0-0: Called Strike
0-1: Fly out, F9 (Flyball, 89S)
Batting: LHB Gilberto Ortíz 0-0: Called Strike
0-1: 2-RUN HOME RUN (Flyball, 78XD), Distance : 417 ft
Batting: RHB Edward Green 0-0: Ball
1-0: Foul Ball, location: 2F
1-1: Ball
2-1: Ball
3-1: Foul Ball, location: 2F
3-2: Foul Ball, location: 2F
3-2: Base on Balls
Batting: RHB Ryan Campbell 0-0: Called Strike
0-1: Swinging Strike
0-2: Ball
1-2: Ball
2-2: Ball
3-2: Base on Balls
Edward Green to second
Batting: SHB Ron Sims 0-0: Fielders Choice at 2nd, 4-6 (Groundball, 4)
Top of the 3rd over - 2 run(s), 1 hit(s), 0 error(s), 1 left on base; South Carolina 4 - Purdue 0
BOTTOM OF THE 3RD
Purdue Boilermakers batting - Pitching for South Carolina Gamecocks : RHP Bryan Smith
Batting: RHB Joe Meads 0-0: Ball
1-0: Swinging Strike
1-1: Called Strike
1-2: Foul Ball, location: 2F
1-2: SINGLE (Line Drive, 6MD)
Batting: RHB Bruce Adams 0-0: Ball
1-0: Foul Ball, location: 2F
1-1: Called Strike
1-2: Ball
2-2: Ball
3-2: Base on Balls
Joe Meads to second
Batting: RHB Rafael Castro 0-0: Called Strike
0-1: Ball
1-1: Fly out, F6 (Popup, 6D)
Batting: LHB Joe Kent 0-0: Called Strike
Joe Meads steals 3rd base
Bruce Adams to second
0-1: SINGLE (Line Drive, 89M)
Joe Meads scores
Bruce Adams to third
Batting: RHB Jorge Molina 0-0: Called Strike
Joe Kent steals 2nd base
0-1: Ball
1-1: Ball
2-1: Ball
3-1: Base on Balls
Batting: SHB Bryan Atkins 0-0: Foul Ball, location: 2F
0-1: Ball
1-1: Ball
2-1: Ball
3-1: Foul Ball, location: 2F
3-2: Foul Ball, location: 2F
3-2: Fly out, F8 (Flyball, 8LS)
Batting: LHB Harry Hamilton 0-0: Called Strike
0-1: Ball
1-1: SINGLE (Line Drive, 6MD)
Bruce Adams scores
Joe Kent to third
Jorge Molina to second
Runner from 3rd tries for Home, SAFE, no throw
Batting: RHB Enrique Benítez 0-0: Ball
1-0: Ball
2-0: SINGLE (Groundball, 6D)
Jorge Molina to third
Harry Hamilton to second
Runner from 3rd tries for Home, SAFE, no throw
Batting: RHB Bill Gilmore 0-0: Called Strike
0-1: SINGLE (Line Drive, 8LS)
Harry Hamilton to third
Enrique Benítez to second
Runner from 3rd tries for Home, SAFE, no throw
Batting: RHB Joe Meads 0-0: Called Strike
0-1: Ball
1-1: Fly out, F6 (Popup, 6)
Bottom of the 3rd over - 5 run(s), 5 hit(s), 0 error(s), 2 left on base; South Carolina 4 - Purdue 5
TOP OF THE 4TH
South Carolina Gamecocks batting - Pitching for Purdue Boilermakers : RHP Kelsey Payne
Batting: RHB Luis Mercado 0-0: SINGLE (Line Drive, 78S)
Batting: RHB José Maldonado 0-0: Called Strike
0-1: Swinging Strike
0-2: Strikes out swinging
Batting: LHB Chandler Pitts 0-0: Ball
1-0: Ball
2-0: Ball
3-0: Base on Balls
Luis Mercado to second
Batting: RHB Rob DeWitt 0-0: Ball
1-0: Ball
2-0: Ball
3-0: Base on Balls
Luis Mercado to third
Chandler Pitts to second
Pitching: RHP Robert King
Batting: SHB Darrel Wise 0-0: Ball
1-0: Called Strike
1-1: Ball
2-1: Ball
3-1: Called Strike
3-2: DOUBLE (Line Drive, 9LM)
Luis Mercado scores
Chandler Pitts scores
Rob DeWitt to third
Batting: LHB Gilberto Ortíz 0-0: Ball
1-0: Ball
2-0: Ball
3-0: Called Strike
3-1: Called Strike
3-2: Base on Balls
Batting: RHB Edward Green 0-0: Swinging Strike
0-1: Foul Ball, location: 2F
0-2: Foul Ball, location: 2F
0-2: Strikes out swinging
Batting: RHB Ryan Campbell 0-0: Swinging Strike
0-1: Ball
1-1: Ground out 5-3 (Groundball, 56S)
Top of the 4th over - 2 run(s), 2 hit(s), 0 error(s), 3 left on base; South Carolina 6 - Purdue 5
BOTTOM OF THE 4TH
Purdue Boilermakers batting - Pitching for South Carolina Gamecocks : RHP Bryan Smith
Batting: RHB Bruce Adams 0-0: Ball
1-0: Ball
2-0: Called Strike
2-1: Called Strike
2-2: Strikes out swinging
Batting: RHB Rafael Castro 0-0: Ball
1-0: Ball
2-0: Ball
3-0: Base on Balls
Batting: LHB Joe Kent 0-0: Called Strike
0-1: Ball
1-1: DOUBLE (Line Drive, 89M)
Rafael Castro to third
Batting: RHB Jorge Molina 0-0: Ball
1-0: Called Strike
1-1: Foul Ball, location: 2F
1-2: Foul Ball, location: 2F
1-2: Ball
2-2: Foul Ball, location: 2F
2-2: Ball
3-2: Base on Balls
Pitching: RHP Jared Thomas
Batting: SHB Bryan Atkins 0-0: Ball
1-0: SINGLE (Groundball, 3L) (infield hit)
Rafael Castro scores
Joe Kent to third
Jorge Molina to second
Batting: LHB Harry Hamilton 0-0: Ball
1-0: Foul Ball, location: 2F
1-1: Ball
2-1: Called Strike
2-2: Ball
3-2: Fly out, F8 (Flyball, 8LS)
Runner from 3rd tags up, SCORES, no throw
Batting: RHB Enrique Benítez 0-0: Swinging Strike
0-1: Ball
1-1: Swinging Strike
1-2: Foul Ball, location: 2F
1-2: Strikes out looking and he ARGUES THE CALL AND IS TOSSED!
Bottom of the 4th over - 2 run(s), 2 hit(s), 0 error(s), 2 left on base; South Carolina 6 - Purdue 7
TOP OF THE 5TH
South Carolina Gamecocks batting - Pitching for Purdue Boilermakers : RHP Robert King
Now at C: Javier Moreno
Batting: SHB Ron Sims 0-0: Fly out, F7 (Flyball, 78M)
Batting: RHB Luis Mercado 0-0: Ball
1-0: Ball
2-0: Ball
3-0: Base on Balls
Batting: RHB José Maldonado 0-0: Foul Ball, location: 2F
0-1: Ball
1-1: Ball
2-1: Ball
3-1: Swinging Strike
3-2: Foul Ball, location: 2F
3-2: Foul Ball, location: 2F
3-2: Foul Ball, location: 2F
3-2: Base on Balls
Luis Mercado to second
Batting: LHB Chandler Pitts 0-0: Ball
1-0: Swinging Strike
1-1: Foul Ball, location: 2F
1-2: Ball
2-2: Ball
3-2: Base on Balls
Luis Mercado to third
José Maldonado to second
Batting: RHB Rob DeWitt 0-0: Called Strike
0-1: Foul Ball, location: 2F
0-2: Ball
1-2: Strikes out looking
Batting: SHB Darrel Wise 0-0: Ball
1-0: Fly out, F9 (Line Drive, 89S)
Top of the 5th over - 0 run(s), 0 hit(s), 0 error(s), 3 left on base; South Carolina 6 - Purdue 7
BOTTOM OF THE 5TH
Purdue Boilermakers batting - Pitching for South Carolina Gamecocks : RHP Jared Thomas
Batting: RHB Bill Gilmore 0-0: Called Strike
0-1: Swinging Strike
0-2: Strikes out swinging
Batting: RHB Joe Meads 0-0: Ball
1-0: Swinging Strike
1-1: Foul Ball, location: 2F
1-2: Ball
2-2: Fly out, F9 (Flyball, 9LM)
Batting: RHB Bruce Adams 0-0: Called Strike
0-1: Swinging Strike
0-2: Ball
1-2: Strikes out looking
Bottom of the 5th over - 0 run(s), 0 hit(s), 0 error(s), 0 left on base; South Carolina 6 - Purdue 7
TOP OF THE 6TH
South Carolina Gamecocks batting - Pitching for Purdue Boilermakers : RHP Robert King
Batting: LHB Gilberto Ortíz 0-0: Ball
1-0: Called Strike
1-1: Ball
2-1: Swinging Strike
2-2: Ball
3-2: Base on Balls
Batting: RHB Edward Green 0-0: Ground out 4-3 (Groundball, 6MD)
Gilberto Ortíz to second
Batting: RHB Ryan Campbell 0-0: Foul Ball, location: 2F
0-1: Ball
1-1: Ball
2-1: SINGLE (Flyball, 7LS)
Gilberto Ortíz to third
Pitching: LHP Neil White
Batting: SHB Ron Sims 0-0: Called Strike
0-1: Fly out, F8 (Flyball, 8RM)
Runner from 3rd tags up, SCORES, throw made
Batting: RHB Luis Mercado 0-0: Called Strike
0-1: Ball
1-1: Ball
2-1: Ball
3-1: Base on Balls
Ryan Campbell to second
Batting: RHB José Maldonado 0-0: Ball
1-0: Ball
2-0: Swinging Strike
2-1: Fly out, F5 (Popup, 5)
Top of the 6th over - 1 run(s), 1 hit(s), 0 error(s), 2 left on base; South Carolina 7 - Purdue 7
BOTTOM OF THE 6TH
Purdue Boilermakers batting - Pitching for South Carolina Gamecocks : RHP Jared Thomas
Batting: RHB Rafael Castro 0-0: Called Strike
0-1: Ball
1-1: Fly out, F8 (Flyball, 89M)
Batting: LHB Joe Kent 0-0: Ball
1-0: Foul Ball, location: 2F
1-1: Ball
2-1: Foul Ball, location: 2F
2-2: Foul Ball, location: 2F
2-2: Foul Ball, location: 2F
2-2: SINGLE (Groundball, 4D)
Batting: RHB Jorge Molina 0-0: Ball
Joe Kent is caught stealing 2nd base
1-0: Ball
2-0: Foul Ball, location: 2F
2-1: Ball
3-1: Foul Ball, location: 2F
3-2: Base on Balls
Batting: SHB Bryan Atkins 0-0: Ball
1-0: Called Strike
1-1: Ground out 6-3 (Groundball, 6S)
Bottom of the 6th over - 0 run(s), 1 hit(s), 0 error(s), 1 left on base; South Carolina 7 - Purdue 7
TOP OF THE 7TH
South Carolina Gamecocks batting - Pitching for Purdue Boilermakers : LHP Neil White
Batting: LHB Chandler Pitts 0-0: Called Strike
0-1: SINGLE (Groundball, 3D)
Batting: RHB Rob DeWitt 0-0: Ball
1-0: Foul Ball, location: 2F
1-1: Swinging Strike
1-2: DOUBLE (Flyball, 7)
Chandler Pitts to third
Batting: SHB Darrel Wise 0-0: Intentional Walk
Pinch Hitting: RHB Robin Bergeron 0-0: Foul Ball, location: 2F
0-1: Ball
1-1: Ball
2-1: Foul Ball, location: 2F
2-2: Strikes out swinging
Batting: RHB Edward Green 0-0: Ball
1-0: Ball
Passed Ball!
Chandler Pitts scores
Rob DeWitt to third
Darrel Wise to second
2-0: Intentional Walk
Batting: RHB Ryan Campbell 0-0: Called Strike
0-1: Called Strike
0-2: Ball
1-2: Strikes out swinging
Pinch Hitting: RHB John Lindsey 0-0: Ball
1-0: Swinging Strike
1-1: Called Strike
1-2: Ball
2-2: Strikes out swinging
Top of the 7th over - 1 run(s), 2 hit(s), 0 error(s), 3 left on base; South Carolina 8 - Purdue 7
BOTTOM OF THE 7TH
Purdue Boilermakers batting - Pitching for South Carolina Gamecocks : RHP Jared Thomas
Now at 3B: John Lindsey
Now in LF: Robin Bergeron
Batting: LHB Harry Hamilton 0-0: Called Strike
0-1: Ground out 6-3 (Groundball, 6)
Batting: RHB Javier Moreno 0-0: SINGLE (Groundball, 6M) (infield hit)
Batting: RHB Bill Gilmore 0-0: Ball
1-0: Reached on error, E6 (Groundball, 6)
Javier Moreno to second
Pinch Hitting: SHB Carl Carver 0-0: Fly out, F9 (Line Drive, 9)
Pinch Hitting: RHB Mark Jackson 0-0: Ball
1-0: Ball
2-0: SINGLE (Line Drive, 89S)
Javier Moreno to third
Bill Gilmore to second
Runner from 3rd tries for Home, SAFE, throw made at trailing runner, OUT at third!
Bottom of the 7th over - 1 run(s), 2 hit(s), 1 error(s), 1 left on base; South Carolina 8 - Purdue 8
TOP OF THE 8TH
South Carolina Gamecocks batting - Pitching for Purdue Boilermakers : LHP Neil White
Now at 2B: Jeff Richardson
Now at SS: Mark Jackson
Batting: RHB Luis Mercado 0-0: Ball
1-0: Ball
2-0: Fly out, F8 (Line Drive, 8RD)
Batting: RHB José Maldonado 0-0: Ball
1-0: Foul Ball, location: 2F
1-1: Swinging Strike
1-2: Ground out 5-3 (Groundball, 56S)
Batting: LHB Chandler Pitts 0-0: Ball
1-0: Foul Ball, location: 2F
1-1: Ball
2-1: Foul Ball, location: 2F
2-2: Ground out 5-3 (Groundball, 56S)
Top of the 8th over - 0 run(s), 0 hit(s), 0 error(s), 0 left on base; South Carolina 8 - Purdue 8
BOTTOM OF THE 8TH
Purdue Boilermakers batting - Pitching for South Carolina Gamecocks : RHP Jared Thomas
Batting: RHB Rafael Castro 0-0: Hit by Pitch
Batting: LHB Joe Kent 0-0: Ball
1-0: Bunted foul
1-1: Sac Bunt - play at first, batter OUT! 1-4
Rafael Castro to second
Pitching: RHP Valentín Flores
Batting: RHB Jorge Molina 0-0: Called Strike
0-1: Foul Ball, location: 2F
0-2: Ball
1-2: Foul Ball, location: 2F
1-2: Ball
2-2: Strikes out swinging
Batting: SHB Bryan Atkins 0-0: Swinging Strike
0-1: Fly out, F8 (Flyball, 8RM)
Bottom of the 8th over - 0 run(s), 0 hit(s), 0 error(s), 1 left on base; South Carolina 8 - Purdue 8
TOP OF THE 9TH
South Carolina Gamecocks batting - Pitching for Purdue Boilermakers : LHP Neil White
Pitching: RHP Ron Williams
Batting: RHB Rob DeWitt 0-0: Ball
1-0: Ground out 3-1 (Groundball, 34)
Batting: SHB Darrel Wise 0-0: Called Strike
0-1: Ball
1-1: Called Strike
1-2: Ground out 4-3 (Groundball, 4S)
Batting: RHB Robin Bergeron 0-0: Ball
1-0: Swinging Strike
1-1: Called Strike
1-2: Foul Ball, location: 2F
1-2: Ground out 6-3 (Groundball, 6)
Top of the 9th over - 0 run(s), 0 hit(s), 0 error(s), 0 left on base; South Carolina 8 - Purdue 8
BOTTOM OF THE 9TH
Purdue Boilermakers batting - Pitching for South Carolina Gamecocks : RHP Valentín Flores
Batting: LHB Harry Hamilton 0-0: Ball
1-0: Called Strike
1-1: Swinging Strike
1-2: Ball
2-2: Ball
3-2: Strikes out swinging
Pinch Hitting: RHB Brian McCoy 0-0: Called Strike
0-1: Ball
1-1: Ball
2-1: Foul Ball, location: 2F
2-2: Ball
3-2: Strikes out looking
Batting: RHB Bill Gilmore 0-0: Ball
1-0: Fly out, F8 (Line Drive, 8LD)
Bottom of the 9th over - 0 run(s), 0 hit(s), 0 error(s), 0 left on base; South Carolina 8 - Purdue 8
TOP OF THE 10TH
South Carolina Gamecocks batting - Pitching for Purdue Boilermakers : RHP Ron Williams
Now at C: Brian McCoy
Batting: RHB Edward Green 0-0: Called Strike
0-1: Called Strike
0-2: Foul Ball, location: 2F
0-2: Strikes out swinging
Batting: RHB Ryan Campbell 0-0: Called Strike
0-1: Ball
1-1: Swinging Strike
1-2: Strikes out looking
Batting: RHB John Lindsey 0-0: Ball
1-0: Ball
2-0: Ball
3-0: Called Strike
3-1: SINGLE (Line Drive, 4)
Batting: RHB Luis Mercado 0-0: Ball
1-0: Called Strike
1-1: Ball
2-1: Ball
3-1: Fielders Choice at 2nd, 5-4 (Groundball, 56)
Top of the 10th over - 0 run(s), 1 hit(s), 0 error(s), 0 left on base; South Carolina 8 - Purdue 8
BOTTOM OF THE 10TH
Purdue Boilermakers batting - Pitching for South Carolina Gamecocks : RHP Valentín Flores
Batting: RHB Jeff Richardson 0-0: Ball
1-0: Foul Ball, location: 2F
1-1: Ground out 4-3 (Groundball, 4)
Batting: RHB Mark Jackson 0-0: Ball
1-0: Fly out, F5 (Popup, 56)
Batting: RHB Rafael Castro 0-0: Foul Ball, location: 2F
0-1: Called Strike
0-2: Foul Ball, location: 2F
0-2: Foul Ball, location: 2F
0-2: Foul Ball, location: 2F
0-2: Ball
1-2: Ground out 5-3 (Groundball, 56S)
Bottom of the 10th over - 0 run(s), 0 hit(s), 0 error(s), 0 left on base; South Carolina 8 - Purdue 8
TOP OF THE 11TH
South Carolina Gamecocks batting - Pitching for Purdue Boilermakers : RHP Ron Williams
Pitching: RHP David James
Batting: RHB José Maldonado 0-0: Foul Ball, location: 2F
0-1: Ball
1-1: Ball
2-1: Swinging Strike
2-2: Fly out, F6 (Popup, 6)
Batting: LHB Chandler Pitts 0-0: Called Strike
0-1: Ground out U3 (Groundball, 34)
Batting: RHB Rob DeWitt 0-0: Foul Ball, location: 2F
0-1: Foul Ball, location: 2F
0-2: Ball
1-2: Ball
2-2: Ball
3-2: Foul Ball, location: 2F
3-2: Strikes out swinging
Top of the 11th over - 0 run(s), 0 hit(s), 0 error(s), 0 left on base; South Carolina 8 - Purdue 8
BOTTOM OF THE 11TH
Purdue Boilermakers batting - Pitching for South Carolina Gamecocks : RHP Valentín Flores
Batting: LHB Joe Kent 0-0: Ground out 4-3 (Groundball, 4)
Batting: RHB Jorge Molina 0-0: Ball
1-0: Foul Ball, location: 2F
1-1: Ball
2-1: Swinging Strike
2-2: Foul Ball, location: 2F
2-2: Ball
3-2: Foul Ball, location: 2F
3-2: Foul Ball, location: 2F
3-2: Base on Balls
Batting: SHB Bryan Atkins 0-0: Called Strike
0-1: Called Strike
0-2: Ball
1-2: Strikes out swinging
Batting: LHB Harry Hamilton 0-0: Foul Ball, location: 2F
0-1: Called Strike
0-2: Strikes out looking
Bottom of the 11th over - 0 run(s), 0 hit(s), 0 error(s), 1 left on base; South Carolina 8 - Purdue 8
TOP OF THE 12TH
South Carolina Gamecocks batting - Pitching for Purdue Boilermakers : RHP David James
Batting: SHB Darrel Wise 0-0: Called Strike
0-1: Called Strike
0-2: Fly out, F8 (Flyball, 8RD)
Batting: RHB Robin Bergeron 0-0: Ball
1-0: SINGLE (Groundball, 4MD)
Batting: RHB Edward Green 0-0: Called Strike
0-1: Fly out, F5 (Popup, 6)
Batting: RHB Ryan Campbell 0-0: Called Strike
0-1: Ball
1-1: Ball
2-1: Foul Ball, location: 2F
2-2: Ball
3-2: Strikes out swinging
Top of the 12th over - 0 run(s), 1 hit(s), 0 error(s), 1 left on base; South Carolina 8 - Purdue 8
BOTTOM OF THE 12TH
Purdue Boilermakers batting - Pitching for South Carolina Gamecocks : RHP Valentín Flores
Pitching: LHP Ben Cline
Batting: RHB Brian McCoy 0-0: Reached on error, E5 (Groundball, 56S)
Batting: RHB Bill Gilmore 0-0: Intentional Walk
Batting: RHB Jeff Richardson 0-0: Swinging Strike
0-1: Foul Ball, location: 2F
0-2: Ball
1-2: Foul Ball, location: 2F
1-2: Foul Ball, location: 2F
1-2: Foul Ball, location: 2F
1-2: Foul Ball, location: 2F
1-2: Foul Ball, location: 2F
1-2: Ball
2-2: Strikes out looking
Batting: RHB Mark Jackson 0-0: Ball
1-0: Called Strike
1-1: Ground out 2-3 (Groundball, 13S)
Brian McCoy to third
Bill Gilmore to second
Batting: RHB Rafael Castro 0-0: Ground out 6-3 (Groundball, 6)
Bottom of the 12th over - 0 run(s), 0 hit(s), 1 error(s), 2 left on base; South Carolina 8 - Purdue 8
TOP OF THE 13TH
South Carolina Gamecocks batting - Pitching for Purdue Boilermakers : RHP David James
Batting: RHB John Lindsey 0-0: Ball
1-0: Called Strike
1-1: Foul Ball, location: 2F
1-2: Ball
2-2: Strikes out swinging
Batting: RHB Luis Mercado 0-0: Ball
1-0: Ground out 5-3 (Groundball, 56S)
Batting: RHB José Maldonado 0-0: Foul Ball, location: 2F
0-1: Ball
1-1: Ball
2-1: Ground out 4-3 (Groundball, 4S)
Top of the 13th over - 0 run(s), 0 hit(s), 0 error(s), 0 left on base; South Carolina 8 - Purdue 8
BOTTOM OF THE 13TH
Purdue Boilermakers batting - Pitching for South Carolina Gamecocks : LHP Ben Cline
Batting: LHB Joe Kent 0-0: Ball
1-0: Ball
2-0: Ball
3-0: Base on Balls
Batting: RHB Jorge Molina 0-0: Ball
1-0: Bunt missed!
1-1: Sac Bunt - play at first, batter OUT! 1-4
Joe Kent to second
Batting: SHB Bryan Atkins 0-0: Intentional Walk
Batting: LHB Harry Hamilton 0-0: Fly out, F7 (Flyball, 7LSF)
Batting: RHB Brian McCoy 0-0: Foul Ball, location: 2F
0-1: Called Strike
0-2: Strikes out swinging
Bottom of the 13th over - 0 run(s), 0 hit(s), 0 error(s), 2 left on base; South Carolina 8 - Purdue 8
TOP OF THE 14TH
South Carolina Gamecocks batting - Pitching for Purdue Boilermakers : RHP David James
Batting: LHB Chandler Pitts 0-0: Ball
1-0: Foul Ball, location: 2F
1-1: Foul Ball, location: 2F
1-2: Ball
2-2: Foul Ball, location: 2F
2-2: Ball
3-2: Fly out, F5 (Line Drive, 5S)
Batting: RHB Rob DeWitt 0-0: Called Strike
0-1: Fly out, F9 (Flyball, 9S)
Batting: SHB Darrel Wise 0-0: Ball
1-0: Ball
2-0: Ball
3-0: Base on Balls
Batting: RHB Robin Bergeron 0-0: Ball
1-0: Foul Ball, location: 2F
1-1: Foul Ball, location: 2F
1-2: Ball
2-2: SINGLE (Groundball, 56D)
Darrel Wise to second
Batting: RHB Edward Green 0-0: Called Strike
0-1: Ball
1-1: Ball
2-1: Called Strike
2-2: Foul Ball, location: 2F
2-2: Strikes out looking
Top of the 14th over - 0 run(s), 1 hit(s), 0 error(s), 2 left on base; South Carolina 8 - Purdue 8
BOTTOM OF THE 14TH
Purdue Boilermakers batting - Pitching for South Carolina Gamecocks : LHP Ben Cline
Pitching: RHP Javier MacGoun
Batting: RHB Bill Gilmore 0-0: Swinging Strike
0-1: Foul Ball, location: 2F
0-2: Ball
1-2: Reached on error, E7 (Flyball, 7S)
Batting: RHB Jeff Richardson 0-0: Ball
1-0: Grounds into double play, 4-6-3 (Groundball, 4)
Batting: RHB Mark Jackson 0-0: Ball
1-0: Ball
2-0: Called Strike
2-1: Swinging Strike
2-2: Strikes out swinging
Bottom of the 14th over - 0 run(s), 0 hit(s), 1 error(s), 0 left on base; South Carolina 8 - Purdue 8
TOP OF THE 15TH
South Carolina Gamecocks batting - Pitching for Purdue Boilermakers : RHP David James
Pitching: RHP Jonathan Clark
Batting: RHB Ryan Campbell 0-0: Ball
1-0: Swinging Strike
1-1: Foul Ball, location: 2F
1-2: Foul Ball, location: 2F
1-2: Foul Ball, location: 2F
1-2: Ground out 3-1 (Groundball, 34)
Batting: RHB John Lindsey 0-0: Ball
1-0: Swinging Strike
1-1: Ball
2-1: Fly out, F9 (Flyball, 9)
Batting: RHB Luis Mercado 0-0: Called Strike
0-1: Reached on error, E6 (Popup, 6D)
Batting: RHB José Maldonado 0-0: Ball
1-0: Ball
2-0: Ball
3-0: Base on Balls
Luis Mercado to second
Batting: LHB Chandler Pitts 0-0: Ball
1-0: Swinging Strike
1-1: Swinging Strike
1-2: Foul Ball, location: 2F
1-2: Foul Ball, location: 2F
1-2: Foul Ball, location: 2F
1-2: Ball
2-2: Ball
3-2: SINGLE (Line Drive, 9LM)
Luis Mercado to third
José Maldonado to second
Luis Mercado scores
José Maldonado to third
Batting: RHB Rob DeWitt 0-0: Called Strike
0-1: Swinging Strike
0-2: Ball
1-2: Foul Ball, location: 2F
1-2: Ball
2-2: Ball
3-2: Foul Ball, location: 2F
3-2: Foul Ball, location: 2F
3-2: Foul Ball, location: 2F
3-2: Strikes out swinging
Top of the 15th over - 1 run(s), 1 hit(s), 1 error(s), 2 left on base; South Carolina 9 - Purdue 8
BOTTOM OF THE 15TH
Purdue Boilermakers batting - Pitching for South Carolina Gamecocks : RHP Javier MacGoun
Batting: RHB Rafael Castro 0-0: Called Strike
0-1: Called Strike
0-2: Strikes out swinging
Batting: LHB Joe Kent 0-0: Ball
1-0: Foul Ball, location: 2F
1-1: Swinging Strike
1-2: Strikes out swinging
Batting: RHB Jorge Molina 0-0: Ball
1-0: Foul Ball, location: 2F
1-1: Foul Ball, location: 2F
1-2: Fly out, F9 (Flyball, 9)
Bottom of the 15th over - 0 run(s), 0 hit(s), 0 error(s), 0 left on base; South Carolina 9 - Purdue 8
Tuesday, August 8th, 2017 - OOTP Baseball 17.12 Build 75